 Dungeon Sprint DCSS version 0.30-a0-364-gf6b3ef1049 (webtiles) character file.

Game seed: 18410503070813559021

12876 Darkkill the Unseen (level 12, -6/90 HPs)
             Began as a Gargoyle Monk on Nov 15, 2022.
             Was the Champion of Nemelex Xobeh.
             Killed from afar by a deep elf knight (36 damage)
             ... with a shard of ice
             ... in the Dungeon (Sprint VII: "The Pits").
             The game lasted 00:07:38 (1127 turns).

Darkkill the Unseen (Gargoyle Monk)                 Turns: 1127, Time: 00:07:39

Health: -6/90      AC: 24    Str: 19    XL:     12   Next: 0%
Magic:  12/12      EV: 10    Int: 12    God:    Nemelex Xobeh [******]
Gold:   75         SH:  0    Dex: 15    Spells: 11/11 levels left

rFire   . . .      SeeInvis .    u - +9 halberd (protect)
rCold   . . .      Faith    .    (shield currently unavailable)
rNeg    + . .      Spirit   .    p - +2 plate armour
rPois   ∞          Reflect  .    (no helmet)
rElec   +          Harm     .    (no cloak)
rCorr   .          Rampage  .    (no gloves)
Will    .....      NoTele   +    r - +0 pair of boots
Stlth   ++........               (no amulet)
HPRegen 0.35/turn                a - +3 ring of dexterity
MPRegen 0.13/turn                s - +3 ring of protection

@: no status effects
A: sickness immunity, AC +8, negative energy resistance 1, electricity
resistance, torment resistance 1, petrification resistance
a: Renounce Religion, Draw Escape, Draw Destruction, Draw Summoning, Triple
Draw, Deal Four, Stack Five


You were in the Dungeon.
You worshipped Nemelex Xobeh.
Nemelex Xobeh was exalted by your worship.
You visited 1 branch You collected 75 gold pieces.

Inventory:

Hand Weapons
 u - a +9 halberd of protection (weapon)
Missiles
 l - 17 stones (quivered)
Armour
 p - a +2 plate armour (worn)
 r - a +0 pair of boots (worn)
Jewellery
 a - a +3 ring of dexterity (left hand)
 s - a +3 ring of protection (right hand)
Scrolls
 i - a scroll of butterflies
 m - 5 scrolls of amnesia
 n - a scroll of identify {@r1}
 o - 2 scrolls of vulnerability
 w - a scroll of fear
 x - a scroll of blinking
 y - a scroll of poison
Potions
 b - 3 potions of might
 c - a potion of ambrosia
 d - 8 potions of curing {@q1}
 e - 10 potions of heal wounds
 f - 2 potions of haste
 g - 4 potions of magic
 h - 6 potions of berserk rage
 k - 2 potions of invisibility
 q - 3 potions of brilliance
 t - 2 potions of resistance
Miscellaneous
 j - a piece from Xom's chessboard (15/15)
 C - a phial of floods


   Skills:
 + Level 16.5 Fighting
 + Level 15.2 Maces & Flails
 + Level 13.0 Dodging
 + Level 17.7 Stealth


You had 11 spell levels left.
You didn't know any spells.
Your spell library was empty.

Dungeon Overview and Level Annotations

Branches:
Dungeon (1/1)

Altars:
Ashenzari
Cheibriados
Dithmenos
Elyvilon
Fedhas
Gozag
Hepliaklqana
Kikubaaqudgha
Makhleb
Nemelex Xobeh
Okawaru
Qazlal
Ru
Sif Muna
Trog
Uskayaw
Vehumet
Wu Jian
Xom
Yredelemnul
Zin
The Shining One
Jiyva
Lugonu


Innate Abilities, Weirdness & Mutations

You are immune to sickness and miasma.
Your stone body is resilient. (AC +8)
You are immune to poison.
You resist negative energy. (rN+)
You are resistant to electric shocks. (rElec)
You are resistant to unholy torment.
You are immune to petrification.


Message History

The orb of destruction hits Joseph!!!
You blow up Joseph!
You draw a card...
You have drawn Pain.
Press: ? - help, Shift-Dir - straight line, f - snapping turtle
Aim: a snapping turtle (almost dead)
The snapping turtle convulses!
The snapping turtle bites you but does no damage.
You puncture the snapping turtle!
Your weapon exudes an aura of protection.
You kill the snapping turtle!
Your Maces & Flails skill increases to level 15!
A cane toad comes into view.
Things that are here:
a +1 sling of draining; a +0 quarterstaff; a +2 ring mail of cold resistance You draw a card...
You have drawn the Orb.
Press: ? - help, Shift-Dir - straight line, f - cane toad
Aim: a cane toad (wandering, hasn't noticed you)
Your orb of destruction hits a metal wall. x2
You draw a card...
You have drawn the Orb.
Press: ? - help, Shift-Dir - straight line, f/p - cane toad
Aim: a cane toad (wandering, ally target, hasn't noticed you)
Your orb of destruction hits a metal wall.
You hear a loud, deep croak!
You hear a shout!
You hear a croak.
Your orb of destruction hits a metal wall.
A vampire knight comes into view. It is wielding a +0 great mace.
The vampire knight shouts!
You draw a card...
You have drawn Pain.
Press: ? - help, Shift-Dir - straight line, f/p - cane toad
Aim: a cane toad (almost dead)
The bolt of negative energy misses the vampire knight.
The bolt of negative energy hits the cane toad!!
The cane toad is drained!
You kill the cane toad!
You draw a card...
You have drawn the Orb.
Press: ? - help, Shift-Dir - straight line, f - vampire knight
Aim: a vampire knight, wielding a +0 great mace and wearing a +0 plate armour The wavering orb of destruction weakly hits the vampire knight.
The vampire knight is lightly damaged.
The vampire knight closely misses you.
The vampire knight bites you but does no damage.
You draw a card...
You have drawn Vitriol.
Press: ? - help, Shift-Dir - straight line, f/p - vampire knight
Aim: a vampire knight, wielding a +0 great mace and wearing a +0 plate armour (lightly damaged)
The glob of acid hits the vampire knight!!!!
You destroy the vampire knight!
Your Dodging skill increases to level 13!
You have reached level 12!
You feel clever. Nemelex Xobeh deals you some cards!
You now have 13 escape cards, 22 destruction cards and 8 summoning cards.
You see here a cane toad corpse.
A deep elf knight comes into view. It is wielding a +0 short sword.
You draw a card...
You have drawn Vitriol.
Press: ? - help, Shift-Dir - straight line, f - deep elf knight
Aim: a deep elf knight, wielding a +0 short sword, wearing a +0 ring mail and wearing a +2 buckler (wandering, hasn't noticed you)
The deep elf knight blocks the glob of acid.
You draw a card...
You have drawn Pain.
Press: ? - help, Shift-Dir - straight line, f/p - deep elf knight
Aim: a deep elf knight, wielding a +0 short sword, wearing a +0 ring mail and wearing a +2 buckler The deep elf knight convulses!
The deep elf knight hits you but does no damage.
You puncture the deep elf knight!
Your weapon exudes an aura of protection.
The deep elf knight is severely wounded.
The deep elf knight hits you with a +0 short sword.
The deep elf knight mumbles some strange words.
The deep elf knight seems to speed up.
You hit the deep elf knight.
The deep elf knight is almost dead.
The deep elf knight hits you but does no damage.
The deep elf knight gestures wildly while chanting.
The deep elf knight flickers and vanishes!
Deactivating autopickup; reactivate with Ctrl-A.
Something blocks your attack.
Something hits you but does no damage. x2
You barely miss something. Something hits you but does no damage.
Something hits you! Something hits you but does no damage.
Something blocks your attack. Something hits you.
Something hits you but does no damage.
You closely miss something.
You hear some strange, mumbled words.
A shard of ice appears from out of thin air!
The shard of ice hits you!!
You hear some strange, mumbled words.
A shard of ice appears from out of thin air!
The shard of ice hits you. Something blocks your attack. Something hits you.
You hear some strange, mumbled words.
A shard of ice appears from out of thin air!
The shard of ice hits you!!!
You die...
Your body glows with a rainbow of weird colours and disappears.

#++### #.... #...
#..# #{.# #@.#
####### #..#
..##..# #..#
..##..# #†.#
..''..# #..#
..''..##########..#
..##...........)..#
..##......).......#
###################


There were no monsters in sight!

Vanquished Creatures
  A vampire knight (D)
  An orc knight (D)
  A cane toad (D)
  A smoke demon (D)
  Joseph (D)
  A hellwing (D)
  A troll (D)
  A tarantella (D)
  9 blink frogs (D)
  A jumping spider (D)
  2 snapping turtles (D)
  A water elemental (D)
  A wyvern (D)
  A redback (D)
  A basilisk (D)
  A small abomination (D)
  3 floating eyes (D)
  A boggart (D)
  2 orc priests (D)
  2 hounds (D)
  An orc wizard (D)
  5 gnolls (D)
  2 river rats (D)
  An adder (D)
  An ufetubus (D)
  A worm (D)
  2 orcs (D)
  A bat skeleton (D)
  A bat zombie (D)
  An endoplasm (D)
  A goblin (D)
  A hobgoblin (D)
  2 ball pythons (D)
  3 ball python skeletons (D)
  A kobold (D)
57 creatures vanquished.

Vanquished Creatures (collateral kills)
  A flayed ghost (D)
  A swamp dragon (D)
  3 harpies (D)
  A deep elf pyromancer (D)
  A deep elf zephyrmancer (D)
  A gargoyle (D)
  A demonic crawler (D)
  A hellwing (D)
  A wandering mushroom (D)
  5 blink frogs (D)
  A tarantella (D)
  A shadow (D)
  2 ogres (D)
  3 wolves (D)
  2 centaurs (D)
  A kobold brigand (D)
  A gnoll sergeant (D)
  2 scorpions (D)
  4 wights (D)
  A small abomination (D)
  5 killer bees (D)
  An iguana (D)
  An ufetubus (D)
  A worm (D)
  2 orcs (D)
  A giant cockroach (D)
  A goblin (D)
  A kobold (D)
47 creatures vanquished.

Grand Total: 104 creatures vanquished

Notes
Turn   | Place    | Note
-------+----------+-------------------------------------------
     0 | D        | Darkkill the Gargoyle Monk began the quest for the Orb.
     0 | D        | Reached XP level 1. HP: 14/14 MP: 1/1
    22 | D        | Found a bloodstained altar of Trog.
    22 | D        | Found a shimmering blue altar of Sif Muna.
    22 | D        | Found a viscous altar of Jiyva.
    22 | D        | Found a hazy altar of Hepliaklqana.
    22 | D        | Found an opulent altar of Gozag.
    23 | D        | Found a glowing golden altar of the Shining One.
    23 | D        | Found a glowing silver altar of Zin.
    23 | D        | Found a basalt altar of Yredelemnul.
    23 | D        | Found a shimmering altar of Xom.
    23 | D        | Found an ornate altar of the Wu Jian Council.
    23 | D        | Found a sacrificial altar of Ru.
    23 | D        | Found a stormy altar of Qazlal.
    23 | D        | Found an iron altar of Okawaru.
    23 | D        | Found a sparkling altar of Nemelex Xobeh.
    23 | D        | Found a burning altar of Makhleb.
    23 | D        | Found a blossoming altar of Fedhas.
    23 | D        | Found a white marble altar of Elyvilon.
    23 | D        | Found a shadowy altar of Dithmenos.
    23 | D        | Found a snail-covered altar of Cheibriados.
    25 | D        | Found a radiant altar of Vehumet.
    25 | D        | Found a corrupted altar of Lugonu.
    26 | D        | Found a hide-covered altar of Uskayaw.
    26 | D        | Found an ancient bone altar of Kikubaaqudgha.
    26 | D        | Found a broken altar of Ashenzari.
    32 | D        | Became a worshipper of Nemelex Xobeh the Trickster
    32 | D        | Reached * piety under Nemelex Xobeh
    32 | D        | Received a gift from Nemelex Xobeh
    32 | D        | Reached ** piety under Nemelex Xobeh
    91 | D        | Reached skill level 3 in Stealth
    91 | D        | Reached XP level 2. HP: 9/20 MP: 2/2
   141 | D        | Received a gift from Nemelex Xobeh
   141 | D        | Noticed a floating eye
   143 | D        | Killed a floating eye
   144 | D        | Reached skill level 5 in Fighting
   144 | D        | Reached skill level 5 in Maces & Flails
   144 | D        | Reached skill level 5 in Stealth
   144 | D        | Reached XP level 3. HP: 27/27 MP: 3/3
   144 | D        | Reached XP level 4. HP: 32/32 MP: 4/4
   214 | D        | Reached *** piety under Nemelex Xobeh
   214 | D        | Received a gift from Nemelex Xobeh
   214 | D        | Noticed a water moccasin
   216 | D        | Reached skill level 5 in Dodging
   216 | D        | Reached skill level 6 in Stealth
   216 | D        | Reached XP level 5. HP: 37/37 MP: 5/5
   216 | D        | a gnoll sergeant changed into a boggart
   216 | D        | Noticed a boggart
   216 | D        | a water moccasin changed into a naga
   216 | D        | Noticed a naga
   218 | D        | Noticed an orc warrior
   219 | D        | Reached skill level 7 in Stealth
   219 | D        | an orc warrior changed into a worm
   219 | D        | a naga changed into a hound
   224 | D        | Reached XP level 6. HP: 44/44 MP: 6/6
   226 | D        | Reached skill level 8 in Stealth
   245 | D        | Noticed a floating eye
   246 | D        | Paralysed by a floating eye for 2 turns
   249 | D        | Killed a floating eye
   250 | D        | Reached XP level 7. HP: 50/50 MP: 7/7
   252 | D        | Noticed a demonic crawler
   260 | D        | Killed a demonic crawler
   261 | D        | Reached skill level 9 in Stealth
   269 | D        | Reached skill level 10 in Stealth
   273 | D        | Reached skill level 10 in Fighting
   273 | D        | Reached XP level 8. HP: 21/57 MP: 8/8
   295 | D        | Received a gift from Nemelex Xobeh
   403 | D        | Reached **** piety under Nemelex Xobeh
   413 | D        | Received a gift from Nemelex Xobeh
   415 | D        | Noticed a hellwing
   417 | D        | Reached skill level 11 in Stealth
   421 | D        | Killed a hellwing
   422 | D        | Reached skill level 10 in Maces & Flails
   422 | D        | Noticed a tarantella
   422 | D        | Noticed a smoke demon
   424 | D        | Killed a tarantella
   424 | D        | Killed a troll
   425 | D        | Reached skill level 12 in Stealth
   425 | D        | Reached XP level 9. HP: 52/65 MP: 9/9
   430 | D        | Noticed a harpy
   430 | D        | Noticed a swamp dragon
   431 | D        | Killed a smoke demon
   432 | D        | Noticed a harpy
   432 | D        | Noticed a harpy
   438 | D        | Killed a harpy
   439 | D        | Reached skill level 13 in Stealth
   442 | D        | Killed a harpy
   443 | D        | Reached skill level 10 in Dodging
   443 | D        | Reached XP level 10. HP: 32/72 MP: 10/10
   444 | D        | Killed a harpy
   445 | D        | Reached skill level 14 in Stealth
   446 | D        | Killed a swamp dragon
   458 | D        | Received a gift from Nemelex Xobeh
   471 | D        | Reached ***** piety under Nemelex Xobeh
   479 | D        | Noticed a gargoyle
   480 | D        | Reached skill level 15 in Stealth
   484 | D        | Noticed a green death
   485 | D        | HP: 12/75 [gargoyle/stone arrow (24)]
   495 | D        | Killed a gargoyle
   499 | D        | HP: 8/75 [blink frog (3)]
   505 | D        | Noticed an orc knight
   513 | D        | HP: 14/76 [ogre/+0 giant spiked club[an orc knight] (15)]
   526 | D        | Reached XP level 11. HP: 59/80 MP: 11/11
   536 | D        | Killed an orc knight
   537 | D        | Reached skill level 15 in Fighting
   537 | D        | Reached skill level 16 in Stealth
   801 | D        | Received a gift from Nemelex Xobeh
   808 | D        | Received a gift from Nemelex Xobeh
   838 | D        | Noticed a deep elf zephyrmancer
   838 | D        | Noticed a flayed ghost
   851 | D        | Killed a flayed ghost
   859 | D        | Killed a deep elf zephyrmancer
   861 | D        | Reached skill level 17 in Stealth
   873 | D        | Received a gift from Nemelex Xobeh
   874 | D        | Noticed a deep elf pyromancer
   881 | D        | Killed a deep elf pyromancer
   890 | D        | Received a gift from Nemelex Xobeh
   970 | D        | Reached ****** piety under Nemelex Xobeh
  1081 | D        | Received a gift from Nemelex Xobeh
  1084 | D        | Noticed Joseph
  1089 | D        | Killed Joseph
  1095 | D        | Reached skill level 15 in Maces & Flails
  1104 | D        | Noticed a vampire knight
  1108 | D        | Killed a vampire knight
  1109 | D        | Reached XP level 12. HP: 90/90 MP: 12/12
  1111 | D        | Received a gift from Nemelex Xobeh
  1116 | D        | Noticed a deep elf knight
  1127 | D        | Killed from afar by a deep elf knight

Illustrated notes

Levels and vault maps discovered:
D:        pitsprint [storerooms_1, entrance_room_1, metal_vault_5, armoury_1,
          mini_pit_1, grid_room_1, main_hall_1, silver_pit, the_coven_2,
          the_vestibule_1, steel_vault_5, golden_pit, hallway_of_sentries,
          crystal_vault_1, iron_vault_1, final_vault]

Skill      XL: |  1  2  3  4  5  6  7  8  9 10 11 |
---------------+----------------------------------+-----
Stealth        | 3 5 6 7 8 10 12 13 15 17 | 17.7
Fighting       | 5 6 7 8 10 11 12 14 16 | 16.5
Maces & Flails | 5 6 7 9 10 11 13 15 | 15.2
Dodging        | 4 5 6 7 9 10 11 13 | 13.0

Action                   |  1- 3 |  4- 6 |  7- 9 | 10-12 || total
-------------------------+-------+-------+-------+-------++-------
Melee: Quarterstaff      |    11 |     7 |       |       ||    18
       Mace              |     3 |       |       |       ||     3
       Halberd           |       |       |     6 |    31 ||    37
Invok: Draw Destruction  |     2 |    13 |    12 |    18 ||    45
       Draw Escape       |       |     1 |       |       ||     1
       Draw Summoning    |       |       |     4 |    16 ||    20
  Use: Scroll            |       |       |     2 |     8 ||    10
       Potion            |       |       |     1 |     3 ||     4
 Stab: Sleeping          |     1 |       |       |       ||     1
Armor: Robe              |     5 |     4 |       |       ||     9
       Plate armour      |       |     1 |    59 |    41 ||   101
Dodge: Dodged            |    11 |     6 |    23 |    35 ||    75

Table legend: (Time is in decaauts)
 A = Elapsed time spent in this place.
 B = Non-inter-level travel time spent in this place.
 C = Inter-level travel time spent in this place.
 D = Time resting spent in this place.
 E = Time spent auto-exploring this place.
 F = Levels seen in this place.
 G = Mean time per level.
                   A        B        C        D        E       F      G
               +--------+--------+--------+--------+--------+-----+--------+
         Total |   1146 |   1077 |     69 |    255 |      0 |   1 | 1146.0 |
       Dungeon |   1146 |   1077 |     69 |    255 |      0 |   1 | 1146.0 |
               +--------+--------+--------+--------+--------+-----+--------+

Top non-repeatable levels by time:
       D: 1146 daAuts

Table legend:
 A = Kills in this place as a percentage of kills in entire the game.
 B = Kills by you in this place as a percentage of kills by you in the entire game.
 C = Kills by friends in this place as a percentage of kills by friends in the entire game.
 D = Other kills in this place as a percentage of other kills in the entire game.
 E = Experience gained in this place as a percentage of experience gained in the entire game.
 F = Experience gained in this place divided by the number of levels of this place that you have seen.
                   A       B       C       D       E      F
               +-------+-------+-------+-------+-------+----------------------
         Total | 100.0 | 100.0 | 100.0 | 100.0 | 100.0 | 18395.0
       Dungeon | 100.0 | 100.0 | 100.0 | 100.0 | 100.0 | 18395.0
               +-------+-------+-------+-------+-------+----------------------
